 Dungeon Crawl Stone Soup version 0.29.1-1-gd02db6906a (webtiles) character file.

Game seed: 2237222216749604318

5485 Ijustatesigmund the Fighter (level 10, -11/68 HPs)
             Began as a Gargoyle Fighter on Sept 22, 2022.
             Was a Believer of Cheibriados.
             Mangled by a two-headed ogre
             ... wielding a +0 giant club
              (14 damage)
             ... on level 10 of the Dungeon.
             The game lasted 00:22:03 (10743 turns).

Ijustatesigmund the Fighter (Gargoyle Fighter)     Turns: 10743, Time: 00:22:03

Health: -11/68     AC: 21    Str: 28    XL:     10   Next: 69%
Magic:  14/14      EV:  9    Int: 13    God:    Cheibriados [**....]
Gold:   149        SH:  4    Dex: 13    Spells: 7/9 levels left

rFire   . . .      SeeInvis .   a - +2 flail (vorpal)
rCold   + . .      Faith    .   c - +0 buckler
rNeg    + . .      Spirit   .   b - +0 scale mail
rPois   ∞          Reflect  .   (helmet restricted)
rElec   +          Harm     .   (no cloak)
rCorr   .          Rampage  .   B - +1 pair of gloves
Will    .....                   (no boots)
Stlth   ..........              H - amulet of the acrobat
HPRegen 0.21/turn               h - ring of protection from cold
MPRegen 0.14/turn               j - +4 ring of protection

@: hasted, quick
A: sickness immunity, AC +7, negative energy resistance 1, electricity
resistance, torment resistance 1, petrification resistance, antennae 1, shaggy
fur 1, wild magic 1, MP-powered wands
a: Renounce Religion, Bend Time


You were on level 10 of the Dungeon.
You worshipped Cheibriados.
Cheibriados was pleased with you.
You visited 2 branches of the dungeon, and saw 11 of its levels.
You also visited: Sewer and Bailey.

You collected 515 gold pieces.
You spent 366 gold pieces at shops.

Inventory:

Hand Weapons
 a - a +2 vorpal flail (weapon)
 u - a +1 morningstar
Armour
 b - a +0 scale mail (worn)
 c - a +0 buckler (worn)
 B - a +1 pair of gloves (worn)
Jewellery
 f - a ring of magical power
 h - a ring of protection from cold (left hand)
 j - a +4 ring of protection (right hand)
 r - a ring of willpower
 x - a ring of positive energy
 A - an amulet of reflection
 D - a ring of ice
 H - an amulet of the acrobat (around neck)
Wands
 l - a wand of polymorph (7)
 E - a wand of charming (10)
 F - a wand of flame (7)
 I - a wand of digging (6)
Scrolls
 d - 8 scrolls of teleportation
 n - a scroll of fear {unknown}
 v - a scroll of blinking
 y - a scroll of magic mapping
 C - 3 scrolls of enchant armour
 G - a scroll of enchant weapon
Potions
 e - 3 potions of curing
 g - 4 potions of flight
 i - 4 potions of brilliance
 k - 2 potions of magic
 m - 2 potions of attraction {unknown}
 o - a potion of berserk rage {unknown}
 p - 2 potions of invisibility {unknown}
 q - 3 potions of lignification {unknown}
 s - 8 potions of haste
 t - a potion of ambrosia {unknown}
 w - 2 potions of degeneration {unknown}
 z - a potion of resistance {unknown}


   Skills:
 - Level 10.5 Fighting
 - Level 9.3 Maces & Flails
 - Level 5.5 Armour
 - Level 3.2 Shields
 + Level 3.0 Transmutations
 + Level 4.3 Earth Magic
 + Level 6.0 Invocations


You had 7 spell levels left.
You knew the following spells:

 Your Spells              Type           Power      Damage    Failure   Level
a - Passwall              Tmut/Erth      10%        N/A       36%         2

Your spell library contained the following spells:

 Spells                   Type           Power      Damage    Failure   Level
 Sandblast                Erth           28%        2d8       21%         1
 Beastly Appendage        Tmut           20%        N/A       32%         1
 Wereblood                Tmut           10%        N/A       45%         2
 Summon Small Mammal      Summ           0%         N/A       71%         1
 Stone Arrow              Conj/Erth      14%        3d7       78%         3
 Spider Form              Tmut/Pois      5%         N/A       86%         3
 Passage of Golubria      Tloc           0%         N/A       100%        4
 Silence                  Hex/Air        0%         N/A       100%        5
 Lehudib's Crystal Spear  Conj/Erth      3%         10d3      100%        8


Dungeon Overview and Level Annotations

Branches:
Dungeon (10/15)            Temple (1/1) D:7           Sewer (visited)
 Bailey (visited)
   Lair: D:8-11         Orc: D:9-12

Altars:
Ashenzari
Cheibriados
Dithmenos
Elyvilon
Fedhas
Gozag
Hepliaklqana
Kikubaaqudgha
Makhleb
Nemelex Xobeh
Okawaru
Qazlal
Ru
Sif Muna
Trog
Uskayaw
Vehumet
Wu Jian
Xom
Yredelemnul
Zin
The Shining One

Shops:
D:3 [   D:8 *   D:9 ?


Innate Abilities, Weirdness & Mutations

You are immune to sickness and miasma.
Your stone body is resilient. (AC +7)
You are immune to poison.
You resist negative energy. (rN+)
You are resistant to electric shocks. (rElec)
You are resistant to unholy torment.
You are immune to petrification.
You have a pair of small antennae on your head.
You are covered in fur. (AC +1)
Your spells are a little harder to cast, but a little more powerful.
You expend magic power (3 MP) to strengthen your wands.


Message History

Keep equipping yourself?
You continue putting on your amulet of the acrobat. x3
You finish putting on your amulet of the acrobat.
You feel ready to tumble and roll out of harm's way.
H - an amulet of the acrobat (around neck)
The two-headed ogre attacks as you move away!
The two-headed ogre misses you.
The two-headed ogre hits you with a +0 giant spiked club!
The two-headed ogre closely misses you.
The two-headed ogre hits you with a +0 giant spiked club.
You hit the two-headed ogre but do no damage.
The two-headed ogre completely misses you.
The two-headed ogre hits you but does no damage.
You sock the two-headed ogre!
The two-headed ogre is lightly wounded.
You hit the two-headed ogre.
The two-headed ogre is moderately wounded.
The two-headed ogre hits you with a +0 giant club!
You block the two-headed ogre's attack.
You hit the two-headed ogre.
The two-headed ogre is moderately wounded.
The two-headed ogre hits you with a +0 giant club.
The two-headed ogre hits you with a +0 giant spiked club.
It was a potion of haste.
You feel yourself speed up.
Cheibriados forgives your accidental hurry, just this once.
There is a stone staircase leading up here.
You sock the two-headed ogre!
The two-headed ogre is heavily wounded.
You hit the two-headed ogre but do no damage.
The two-headed ogre is heavily wounded.
The two-headed ogre hits you with a +0 giant club.
The two-headed ogre barely misses you.
You completely miss the two-headed ogre.
The two-headed ogre is heavily wounded.
You sock the two-headed ogre!
The two-headed ogre is severely wounded.
The two-headed ogre hits you with a +0 giant club!!
* * * LOW HITPOINT WARNING * * *
The two-headed ogre hits you with a +0 giant spiked club!
You die...

##...## ##.....## #.......#
#.......# ######### #.......#
........# ##.....## ........#
##.....## ........#
###.......######..
........###O@...............
............#.......######...
........#####......#### ..
............#.#.......####...
........###.#.#######........
........###.#.# #####...###.
####.##..##...####.....#.# #.
##.##...##...#####.#
#..#.....#.##.#######.####


You could see a two-headed ogre.

Vanquished Creatures
  A two-headed ogre (D:9)
  An orc knight (Bailey)
  Pikel (D:9)
  Maggie (D:8)
  Sigmund (D:2)
  A wraith (D:9)
  A yak (D:9)
  A steam dragon (D:6)
  Edmund (D:4)
  2 water moccasins
  3 black bears
  A sky beast (D:7)
  An ogre (D:4)
  3 centaurs
  A lemure (D:9)
  3 kobold brigands
  5 bullfrogs
  2 scorpions
  4 wights (D:8)
  2 howler monkeys (D:7)
  A jelly (D:5)
  A gnoll bouda (D:9)
  An orc priest (D:6)
  2 hounds
  6 iguanas
  An orc wizard (D:8)
  Robin (D:3)
  11 gnolls
  6 adders
  A river rat (D:3)
  3 white imps
  A dart slug (D:4)
  A worm (D:3)
  24 orcs
  17 ball pythons
  19 endoplasms
  9 giant cockroaches
  17 goblins
  4 hobgoblins
  3 jackals (D:4)
  22 kobolds
  8 quokkas
  4 bats (D:1)
  18 frilled lizards
  9 rats
226 creatures vanquished.

Vanquished Creatures (collateral kills)
  2 yaks (D:9)
2 creatures vanquished.

Vanquished Creatures (others)
  Erica (D:8)
  A gnoll (Bailey)
  9 bushes (D:9)
  10 fungi (D:4)
  16 plants (D:4)
37 creatures vanquished.

Grand Total: 265 creatures vanquished

Notes
Turn   | Place    | Note
-------+----------+-------------------------------------------
     0 | D:1      | Ijustatesigmund the Gargoyle Fighter began the quest for
                  | the Orb.
     0 | D:1      | Reached XP level 1. HP: 14/14 MP: 1/1
   310 | D:1      | Reached XP level 2. HP: 15/19 MP: 2/2
   882 | D:1      | Reached XP level 3. HP: 16/24 MP: 3/3
   987 | D:1      | Found a faded altar of an unknown god.
   998 | D:1      | Got Plato's Catalogue of the Union
  1038 | D:1      | Reached skill level 4 in Fighting
  2058 | D:2      | Noticed Sigmund
  2075 | D:2      | Killed Sigmund
  2076 | D:2      | Reached skill level 5 in Fighting
  2076 | D:2      | Reached XP level 4. HP: 21/31 MP: 4/4
  2076 | D:2      | Reached XP level 5. HP: 24/35 MP: 5/5
  2462 | D:3      | Found a glowing drain.
  2474 | D:3      | Reached XP level 6. HP: 40/40 MP: 6/6
  2499 | Sewer    | Entered a sewer
  3172 | Sewer    | Reached skill level 6 in Fighting
  3172 | Sewer    | Reached skill level 5 in Maces & Flails
  3180 | Sewer    | Reached XP level 7. HP: 35/47 MP: 7/7
  3472 | D:3      | Found Fubibbor's Antique Armour Emporium.
  3569 | D:3      | Noticed Robin
  3577 | D:3      | Killed Robin
  4212 | D:4      | Noticed Edmund
  4234 | D:4      | Killed Edmund
  4235 | D:4      | Reached skill level 7 in Fighting
  4788 | D:4      | Found a blossoming altar of Fedhas.
  5096 | D:4      | Found a white marble altar of Elyvilon.
  5332 | D:5      | Entered Level 5 of the Dungeon
  5364 | D:5      | Reached XP level 8. HP: 51/53 MP: 8/8
  5644 | D:5      | Reached skill level 8 in Fighting
  6281 | D:6      | Reached skill level 9 in Fighting
  6886 | D:7      | Reached XP level 9. HP: 60/60 MP: 9/9
  6897 | D:7      | Found a staircase to the Ecumenical Temple.
  6992 | Temple   | Entered the Ecumenical Temple
  6998 | Temple   | Became a worshipper of Cheibriados the Contemplative
  7153 | D:7      | Reached skill level 1 in Invocations
  7659 | D:7      | Found an ancient bone altar of Kikubaaqudgha.
  7661 | D:7      | Found a burning altar of Makhleb.
  7662 | D:7      | Found a hazy altar of Hepliaklqana.
  7663 | D:7      | Found a stormy altar of Qazlal.
  7664 | D:7      | Found a glowing golden altar of the Shining One.
  7665 | D:7      | Found an opulent altar of Gozag.
  7837 | D:8      | Found a flagged portal.
  7851 | Bailey   | Entered a bailey
  8029 | Bailey   | Reached * piety under Cheibriados
  8273 | Bailey   | Noticed an orc knight
  8288 | Bailey   | Killed an orc knight
  8289 | Bailey   | Reached skill level 10 in Fighting
  8711 | D:8      | Noticed Maggie
  8712 | D:8      | Noticed Erica
  8729 | D:8      | Killed Erica
  8738 | D:8      | Killed Maggie
  8739 | D:8      | Reached skill level 5 in Armour
  8973 | D:8      | Found Ixuklix's Assorted Antiques.
  8980 | D:8      | Bought an emerald potion for 24 gold pieces
  8980 | D:8      | Bought an inky potion for 24 gold pieces
  8980 | D:8      | Bought an emerald potion for 24 gold pieces
  8980 | D:8      | Gained mutation: You possess an exceptional clarity of
                  | mind. [potion of mutation]
  8980 | D:8      | Gained mutation: You occasionally shout uncontrollably at
                  | your foes. [potion of mutation]
  8980 | D:8      | Gained mutation: You are dopey. (Int -2) [potion of
                  | mutation]
  8981 | D:8      | Lost mutation: You occasionally shout uncontrollably at
                  | your foes. [potion of mutation]
  8981 | D:8      | Lost mutation: You are dopey. (Int -2) [potion of mutation]
  8981 | D:8      | Lost mutation: You possess an exceptional clarity of mind.
                  | [potion of mutation]
  8981 | D:8      | Gained mutation: You sometimes lose your temper in combat.
                  | [potion of mutation]
  8981 | D:8      | Gained mutation: You do not regenerate when monsters are
                  | visible. [potion of mutation]
  8981 | D:8      | Gained mutation: You are dopey. (Int -2) [potion of
                  | mutation]
  8981 | D:8      | Gained mutation: You have sharp toenails. [potion of
                  | mutation]
  8982 | D:8      | Lost mutation: You have sharp toenails. [potion of
                  | mutation]
  8982 | D:8      | Lost mutation: You are dopey. (Int -2) [potion of mutation]
  8982 | D:8      | Lost mutation: You do not regenerate when monsters are
                  | visible. [potion of mutation]
  8982 | D:8      | Gained mutation: You are frail. (-10% HP) [potion of
                  | mutation]
  8982 | D:8      | Lost mutation: You are frail. (-10% HP) [potion of
                  | mutation]
  8982 | D:8      | Gained mutation: You have an uncontrollable temper. [potion
                  | of mutation]
  8983 | D:8      | Lost mutation: You have an uncontrollable temper. [potion
                  | of mutation]
  8983 | D:8      | Lost mutation: You sometimes lose your temper in combat.
                  | [potion of mutation]
  8983 | D:8      | Gained mutation: Your mind is acute. (Int +4, Str/Dex -1)
                  | [potion of mutation]
  8983 | D:8      | Gained mutation: You expend magic power (3 MP) to
                  | strengthen your wands. [potion of mutation]
  8984 | D:8      | Lost mutation: You expend magic power (3 MP) to strengthen
                  | your wands. [potion of mutation]
  8984 | D:8      | Lost mutation: Your mind is acute. (Int +4, Str/Dex -1)
                  | [potion of mutation]
  8984 | D:8      | Gained mutation: You are dopey. (Int -2) [potion of
                  | mutation]
  8984 | D:8      | Gained mutation: You are weak. (Str -2) [potion of
                  | mutation]
  8984 | D:8      | Gained mutation: Your skin changes colour to match your
                  | surroundings (Stealth+). [potion of mutation]
  8985 | D:8      | Lost mutation: You are dopey. (Int -2) [potion of mutation]
  8985 | D:8      | Lost mutation: You are weak. (Str -2) [potion of mutation]
  8985 | D:8      | Gained mutation: You are partially covered in iridescent
                  | scales. (AC +2) [potion of mutation]
  8985 | D:8      | Gained mutation: Your spells are a little harder to cast,
                  | but a little more powerful. [potion of mutation]
  8985 | D:8      | Gained mutation: You expend magic power (3 MP) to
                  | strengthen your wands. [potion of mutation]
  8986 | D:8      | Lost mutation: Your skin changes colour to match your
                  | surroundings (Stealth+). [potion of mutation]
  8986 | D:8      | Lost mutation: You are partially covered in iridescent
                  | scales. (AC +2) [potion of mutation]
  8986 | D:8      | Gained mutation: You have a pair of small antennae on your
                  | head. [potion of mutation]
  8986 | D:8      | Gained mutation: You are covered in fur. (AC +1) [potion of
                  | mutation]
  9097 | D:8      | Reached XP level 10. HP: 68/68 MP: 12/12
  9513 | D:8      | Learned a level 2 spell: Passwall
  9869 | D:9      | Found Kagiol's Magic Scroll Boutique.
  9877 | D:9      | Bought a scroll of teleportation for 42 gold pieces
  9877 | D:9      | Bought a scroll of blinking for 105 gold pieces
  9877 | D:9      | Bought a scroll of teleportation for 42 gold pieces
  9877 | D:9      | Bought a scroll of magic mapping for 105 gold pieces
  9899 | D:9      | Reached skill level 1 in Earth Magic
  9966 | D:9      | Reached skill level 1 in Transmutations
  9973 | D:9      | Noticed a two-headed ogre
 10012 | D:9      | Killed a two-headed ogre
 10013 | D:9      | Reached skill level 5 in Invocations
 10123 | D:9      | Noticed Pikel
 10145 | D:9      | Killed Pikel
 10221 | D:9      | Reached ** piety under Cheibriados
 10645 | D:10     | Entered Level 10 of the Dungeon
 10686 | D:10     | Noticed a kobold demonologist
 10687 | D:10     | Noticed a soul eater
 10717 | D:10     | Noticed a two-headed ogre
 10743 | D:10     | HP: 3/68 [two-headed ogre/+0 giant club (24)]
 10743 | D:10     | Mangled by a two-headed ogre

Illustrated notes

Levels and vault maps discovered:
D:1:      roderic_octagonal_star, layout_basic,
          shapermc_ecumenical_altar_rom_forum, minmay_misc_feat_room
D:2:      layout_loops_ring, serial_glass, glass_columns_a, glass_columns_c,
          serial_park_tiny_pond, minmay_misc_feat_four_crosses,
          minmay_tromino_v2, uniq_sigmund
D:3:      layout_basic, portal_sewer_entry_a, serial_shops, nicolae_shop_trees,
          uniq_robin
D:4:      layout_basic, fedhas_altar_decomposition,
          nicolae_elyvilon_temple_path, serial_aquarium, aquarium_bridge_square
          [aquarium_subvault_wall, aquarium_subvault_bridge,
          aquarium_subvault_bridge, aquarium_subvault_bridge],
          aquarium_bridge_straight [aquarium_subvault_bridge,
          aquarium_subvault_wall, aquarium_subvault_bridge,
          aquarium_subvault_balcony], aquarium_window_fake,
          aquarium_window_fake, aquarium_window_1, aquarium_view_2d,
          aquarium_view_2d, aquarium_balcony_3a, aquarium_pool_1, uniq_edmund
D:5:      layout_cave_pools
D:6:      layout_basic
D:7:      layout_loops_ring, minitemple, minmay_temple_entry_statues_fountains
D:8:      layout_basic, enter_bailey_3, serial_shops, shop,
          minmay_misc_feat_enclosed, uniq_erica, uniq_maggie
D:9:      layout_cave_pods, serial_shops, shop_fountains, minmay_hedge_maze,
          minmay_crystal_room, uniq_pikel
D:10:     layout_rooms, lair_entry_dummy
Temple:   compressed_dpeg_circular_temple

Skill      XL: |  1  2  3  4  5  6  7  8  9 10 |
---------------+-------------------------------+-----
Fighting       | 5 6 7 9 10 | 10.5
Maces & Flails | 4 5 6 8 9 |  9.3
Invocations    | 3 6 |  6.0
Armour         | 5 |  5.5
Earth Magic    | 4 |  4.3
Transmutations | 3 |  3.0
Shields        | |  3.2

Action                   |  1- 3 |  4- 6 |  7- 9 | 10-12 || total
-------------------------+-------+-------+-------+-------++-------
Melee: Flail             |   136 |   227 |   129 |   113 ||   605
       Morningstar       |       |       |   217 |     5 ||   222
Invok: Bend Time         |       |       |     1 |     1 ||     2
Evoke: Wand              |       |     2 |     7 |     4 ||    13
  Use: Scroll            |     6 |     1 |    10 |     2 ||    19
       Potion            |     1 |     1 |    16 |     1 ||    19
Armor: Scale mail        |   105 |   209 |   252 |    86 ||   652
Dodge: Dodged            |    63 |   152 |   206 |    52 ||   473
Block: Buckler           |    22 |    71 |    90 |    29 ||   212
